 Dungeon Crawl Stone Soup version 0.28-a0-206-gc2c9e32840 (webtiles) character file.

Game seed: 15995722641125132623

34 frimble the Digger (level 3, -3/26 HPs)
             Began as a Minotaur Earth Elementalist on Aug 21, 2021.
             Slain by an adder (4 damage)
             ... on level 2 of the Dungeon.
             The game lasted 00:02:18 (1117 turns).

frimble the Digger (Minotaur Earth Elementalist)    Turns: 1117, Time: 00:02:18

Health: -3/26      AC:  2    Str:  9 (12) XL:     3   Next: 14%
Magic:  1/4        EV: 12    Int: 11 (12) God:
Gold:   45         SH:  0    Dex:  9 (11) Spells: 3/4 levels left

rFire   . . .      SeeInvis .   e - +0 dagger
rCold   . . .      Faith    .   (no shield)
rNeg    . . .      Spirit   .   b - +0 robe
rPois   .          Reflect  .   (helmet restricted)
rElec   .          Harm     .   (no cloak)
rCorr   .          Rampage  .   (no gloves)
Will    .....                   (no boots)
Stlth   ++........              (no amulet)
HPRegen 0.08/turn               (no ring)
MPRegen 0.09/turn               (no ring)

@: weak-willed, flying
A: horns 2, retaliatory headbutt
a: no special abilities


You were on level 2 of the Dungeon.
You visited 1 branch of the dungeon, and saw 2 of its levels.

You collected 45 gold pieces.

Inventory:

Hand Weapons
 e - a +0 dagger (weapon)
Missiles
 c - 50 stones
Armour
 b - a +0 robe (worn)
Jewellery
 f - an amulet of guardian spirit
Scrolls
 d - a scroll of vulnerability


   Skills:
 + Level 1.2 Short Blades
 - Level 2.2 Dodging
 - Level 1.6 Stealth
 - Level 1.4 Spellcasting
 - Level 0.7 Transmutations
 + Level 3.2 Earth Magic


You had 3 spell levels left.
You knew the following spells:

 Your Spells              Type           Power      Damage    Failure   Level
a - Sandblast             Erth           14%        2d6       9%          1

Your spell library contained the following spells:

 Spells                   Type           Power      Damage    Failure   Level
 Passwall                 Tmut/Erth      4%         N/A       21%         2
 Stone Arrow              Conj/Erth      8%         3d7       43%         3
 Petrify                  Tmut/Erth      5%         N/A       80%         4


Dungeon Overview and Level Annotations

Branches:
Dungeon (2/15)

Altars:

Shops:
D:1 =


Innate Abilities, Weirdness & Mutations

You have a pair of horns on your head.
You reflexively headbutt those who attack you in melee.


Message History

Aim: an adder (63% to hit)
The blast of sand misses the adder.
You feel sick. The adder bites you. The adder bites you but does no damage.
Casting: Sandblast (safe; 8% risk of failure)
Confirm with . or Enter, or press ? or * to list all spells.
You don't have enough magic to cast this spell.
Casting: Sandblast (safe; 8% risk of failure)
Confirm with . or Enter, or press ? or * to list all spells.
You don't have enough magic to cast this spell.
You feel sick.
You aren't carrying any items that you can evoke.
It was a potion of flight.
You feel very buoyant.
You fly up into the air.
You feel sick. The adder barely misses you.
It was a potion of degeneration.
There was something very wrong with that liquid.
You feel weakened.
You feel dopey.
You feel clumsy.
You feel sick. The adder bites you.
* * * LOW HITPOINT WARNING * * *
The adder bites you.
* * * LOW HITPOINT WARNING * * *
As you read the scroll labelled WIRUEV MEJYLL, it crumbles to dust.
Magic quickly surges around you.
It was a scroll of vulnerability.
You feel sick.
You are no longer poisoned.
The adder bites you but does no damage.
As you read the scroll labelled TES ZYSMOTAO, it crumbles to dust.
It is a scroll of identify.
You don't have any unidentified items.
The adder bites you but does no damage.
You aren't carrying any items that you can evoke.
You aren't carrying any potions.
Unknown command.
Unknown command.
You hit the adder but do no damage. The adder misses you. The adder bites you.
* * * LOW HITPOINT WARNING * * *
You hit the adder.
The adder is lightly wounded.
The adder bites you.
You die...

##.##.#.# .# #
#.##.# # .#### ..#
#.##.# .....# #.#
##.##)# ....#
#..#####...#.#.#
#..#................
#.####.##....###.#
#S####.##.#.## .#
#@..†...)...# #
#..###...........
#..# ####........
#..# ##.##...# #..#
#.# #.## ...# .# .#
###.# .# # #.# .#


You could see an adder (weak-willed).

Vanquished Creatures
  A ball python (D:1)
  An endoplasm (D:1)
  3 giant cockroaches (D:1)
  5 goblins
  2 hobgoblins (D:1)
  5 jackals (D:1)
  2 kobolds (D:1)
  3 quokkas (D:1)
  2 bats
  A frilled lizard (D:1)
  2 rats (D:1)
27 creatures vanquished.

Notes
Turn   | Place    | Note
-------+----------+-------------------------------------------
     0 | D:1      | frimble the Minotaur Earth Elementalist began the quest for
                  | the Orb.
     0 | D:1      | Reached XP level 1. HP: 14/14 MP: 1/1
   189 | D:1      | Reached XP level 2. HP: 19/20 MP: 0/3
   251 | D:1      | Reached skill level 3 in Earth Magic
   343 | D:1      | Found Larch's Jewellery Boutique.
   704 | D:1      | Reached skill level 1 in Short Blades
   712 | D:1      | Reached XP level 3. HP: 17/26 MP: 2/4
  1116 | D:2      | HP: 1/26 [adder (2)]
  1117 | D:2      | Slain by an adder

Illustrated notes

Levels and vault maps discovered:
D:1:      erik_arrival_blinker_ship, layout_basic, serial_shops, shop_statue,
          serial_curves, eino_curves_03, eino_curves_03,
          minmay_indecisive_spiral
D:2:      layout_loops_ring

Skill      XL: |  1  2 |
---------------+-------+-----
Earth Magic    | 3 |  3.2
Short Blades   | 1 |  1.2
Dodging        | |  2.2
Stealth        | |  1.6
Spellcasting   | |  1.4
Transmutations | |  0.7

Action                   || total
-------------------------++-------
Melee: Unarmed           ||    10
       Headbutt          ||     7
       Dagger            ||    35
 Cast: Sandblast         ||    20
  Use: Scroll            ||     2
       Potion            ||     2
 Stab: Sleeping          ||     1
Armor: Robe              ||    14
Dodge: Dodged            ||    49

Table legend: (Time is in decaauts)
 A = Elapsed time spent in this place.
 B = Non-inter-level travel time spent in this place.
 C = Inter-level travel time spent in this place.
 D = Time resting spent in this place.
 E = Time spent auto-exploring this place.
 F = Levels seen in this place.
 G = Mean time per level.
                   A        B        C        D        E       F      G
               +--------+--------+--------+--------+--------+-----+--------+
         Total |   1115 |   1098 |     17 |      0 |    869 |   2 |  557.5 |
       Dungeon |   1115 |   1098 |     17 |      0 |    869 |   2 |  557.5 |
               +--------+--------+--------+--------+--------+-----+--------+

Top non-repeatable levels by time:
     D:1: 1029 daAuts
     D:2: 85 daAuts
